 Dungeon Crawl Stone Soup version 0.31-a0-1469-gd420192249 (webtiles) character file.

Game seed: 13759659445855964980

9821 grandjackal the Fighter (level 11, -14/92 HPs)
             Began as a Demonspawn Gladiator on Dec 29, 2023.
             Was an Initiate of Qazlal.
             Demolished by Snorg (18 damage)
             ... on level 11 of the Dungeon.
             The game lasted 00:10:59 (10113 turns).

grandjackal the Fighter (Demonspawn Gladiator)     Turns: 10113, Time: 00:11:01

Health: -14/92     AC: 13    Str: 28    XL:     11   Next: 28%
Magic:  13/13      EV: 12    Int:  9    God:    Qazlal [......]
Gold:   630        SH:  6    Dex: 14    Spells: 10/10 levels left

rFire   . . .        a - +0 war axe
rCold   + . .        O - +0 buckler
rNeg    . . .        t - +2 ring mail {rC+}
rPois   +            c - +0 helmet
rElec   .            r - +1 cloak {rPois}
rCorr   .            E - +2 pair of gloves {Str+3}
SInv    .            (no boots)
Will    .....        (no amulet)
Stlth   +            i - +6 ring of strength
HPRegen 0.35/turn    (no ring)
MPRegen 0.26/turn

%: no passive effects
@: weak-willed
A: hooves 2, powered by death 2, magic regeneration
a: Renounce Religion


You were on level 11 of the Dungeon.
You worshipped Qazlal.
Qazlal was noncommittal.
You visited 2 branches of the dungeon, and saw 12 of its levels.

You collected 866 gold pieces.
You spent 236 gold pieces at shops.

Inventory:

Hand Weapons
 a - a +0 war axe (weapon)
 B - a +1 trident of freezing
 F - a +2 heavy flail
Missiles
 e - a javelin
Armour
 c - a +0 helmet (worn)
 r - a +1 cloak of poison resistance (worn)
 t - a +2 ring mail of cold resistance (worn)
 w - a +0 kite shield
 E - a +2 pair of gloves of strength (worn)
 O - a +0 buckler (worn)
Jewellery
 d - a ring of resist corrosion
 i - a +6 ring of strength (left hand)
 M - the ring of Uskayaw's Pride {AC+4 Int+5}
   (You found it on level 8 of the Dungeon)

   [ring of protection]

   AC+4:      It affects your AC (+4).
   Int+5:     It affects your intelligence (+5).
Wands
 l - a wand of digging (7)
 D - a wand of paralysis (5)
 J - a wand of flame (13)
 Q - a wand of light (5)
 R - a wand of polymorph (5)
 S - a wand of iceblast (4)
Scrolls
 f - a scroll of vulnerability
 g - a scroll of enchant armour {unknown}
 h - 2 scrolls of summoning {unknown}
 k - 4 scrolls of torment
 n - 2 scrolls of poison {unknown}
 o - 3 scrolls of fear
 p - 2 scrolls of fog {unknown}
 s - 2 scrolls of enchant weapon {unknown}
 u - 7 scrolls of identify {unknown}
 x - 2 scrolls of teleportation {unknown}
 y - a scroll of silence {unknown}
 z - a scroll of brand weapon {unknown}
 C - 4 scrolls of noise {unknown}
 G - a scroll of amnesia {unknown}
 I - a scroll of immolation {unknown}
 P - a scroll of revelation {unknown}
Potions
 b - 4 potions of heal wounds {unknown}
 j - 2 potions of curing
 m - a potion of berserk rage {unknown}
 q - 4 potions of lignification {unknown}
 v - a potion of ambrosia {unknown}
 A - a potion of haste {unknown}
 H - a potion of mutation {unknown}
 K - 4 potions of enlightenment {unknown}
 L - a potion of invisibility {unknown}
 N - a potion of might {unknown}


   Skills:
 + Level 10.8 Fighting
 + Level 10.0 Axes
 - Level 2.0 Throwing
 - Level 3.0 Dodging
 + Level 8.5 Shields
 + Level 3.2 Invocations


You had 10 spell levels left.
You didn't know any spells.
Your spell library contained the following spells:

 Spells                   Type           Power      Damage    Failure   Level
 Freeze                   Ice            0%         1d3       56%         1
 Frozen Ramparts          Ice            0%         1d1       90%         3
 Fugue of the Fallen      Necr           0%         N/A       90%         3
 Hailstorm                Conj/Ice       0%         3d5       90%         3
 Ozocubu's Armour         Ice            0%         N/A       90%         3
 Animate Dead             Necr           0%         N/A       100%        4
 Brom's Barrelling Bould  Conj/Erth      0%         2d3       100%        4
 Manifold Assault         Tloc           0%         N/A       100%        4
 Fireball                 Conj/Fire      0%         3d3       100%        5
 Iskenderun's Battlesphe  Conj           0%         2d6       100%        5
 Conjure Ball Lightning   Conj/Air       0%         3x3d6     100%        6
 Haunt                    Necr/Summ      0%         N/A       100%        7
 Orb of Destruction       Conj           0%         9d5       100%        7
 Infestation              Necr           0%         N/A       100%        8


Dungeon Overview and Level Annotations

Branches:
Dungeon (11/15)            Temple (1/1) D:7            Lair (0/5) D:8
    Orc (0/2) D:9

Altars:
Ashenzari
Cheibriados
Dithmenos
Fedhas
Gozag
Hepliaklqana
Kikubaaqudgha
Makhleb
Nemelex Xobeh
Okawaru
Qazlal
Ru
Sif Muna
Trog
Uskayaw
Vehumet
Wu Jian
Xom
Yredelemnul

Shops:
D:1 *   D:3 [   D:4 *   D:7 (

Annotations:
D:4 3 runed translucent doors, BigPumpCobain's ghost, novice GrEE
D:11 Snorg


Innate Abilities, Weirdness & Mutations

You have hoof-like feet.
You regenerate health from kills.
You regenerate magic rapidly.


Message History

Snorg closely misses you. You block Snorg's attack. Snorg claws you!
The vampire mosquito completely misses you.
The vampire mosquito closely misses you.
Okay, then.
As you read the scroll labelled ODWORE LUDO, it crumbles to dust.
Your body is wracked with pain!
Snorg convulses!
It was a scroll of torment.
Snorg bites you but does no damage. Snorg claws you! x2
* * * LOW HITPOINT WARNING * * *
The vampire mosquito closely misses you. x2
The vampire mosquito barely misses you. The vampire mosquito bites you.
* * * LOW HITPOINT WARNING * * *
The vampire mosquito draws strength from your injuries!
Snorg bites you.
* * * LOW HITPOINT WARNING * * *
Snorg closely misses you. Snorg completely misses you.
Unknown command.
Okay, then.
As you read the scroll labelled AQANIDU RAUCK, it crumbles to dust.
You assume a fearsome visage.
Snorg is unaffected.
The vampire mosquito is unaffected. x2; It was a scroll of fear.
You block the vampire mosquito's attack.
The vampire mosquito bites you but does no damage.
Snorg bites you.
* * * LOW HITPOINT WARNING * * *
Snorg claws you!
* * * LOW HITPOINT WARNING * * *
Snorg claws you.
* * * LOW HITPOINT WARNING * * *
The vampire mosquito barely misses you. The vampire mosquito misses you.
Unknown command.
Unknown command.
Unknown command.
As you read the scroll labelled QIAQUL DORO, it crumbles to dust.
A wave of despondency washes over your surroundings.
It was a scroll of vulnerability.
Snorg bites you but does no damage. You block Snorg's attack.
Snorg barely misses you.
You block the vampire mosquito's attack.
The vampire mosquito bites you but does no damage.
Snorg barely misses you. Snorg claws you!!
You die...

#................#
#....[...........#
#.....#######....#
#.....#.....#....#
#.....#.....#....####
#.....#.....#........
#?....#.....'........
#.....#y#####........
#....T@y.............
#....................
+.....?$.............
#............#####+##
..............#
..####........# .
#....##+## +....#


You could see Snorg (berserk, weak-willed) and 2 vampire mosquitoes.

Vanquished Creatures
  2 two-headed ogres (D:8)
  Nergalle (D:10)
  An ugly thing (D:9)
  A kobold demonologist (D:9)
  A troll (D:10)
  3 wraiths
  A shadow (D:10)
  14 yaks
  An acid dragon (D:7)
  Edmund (D:5)
  6 water moccasins
  3 orc warriors
  2 ice beasts
  A black bear (D:8)
  2 phantoms
  8 kobold brigands
  4 bullfrogs
  A gnoll sergeant (D:8)
  5 scorpions
  9 wights
  9 killer bees
  2 bombardier beetles
  6 orc priests
  3 hounds
  A jelly (D:6)
  Crazy Yiuf (D:2)
  3 iguanas
  Jessica (D:2)
  A sleepcap (D:7)
  Ijyb (D:4)
  6 orc wizards
  8 gnolls
  A river rat (D:5)
  16 adders
  A shadow imp (D:6)
  2 white imps
  A worm (D:4)
  2 dart slugs
  49 orcs
  6 bats
  2 endoplasms (D:3)
  5 giant cockroaches
  5 goblins
  8 hobgoblins
  3 jackals
  34 kobolds
  4 quokkas
  7 ball pythons
  3 frilled lizards
  10 rats
268 creatures vanquished.

Notes
Turn   | Place    | Note
-------+----------+-------------------------------------------
     0 | D:1      | grandjackal the Demonspawn Gladiator began the quest for
                  | the Orb.
     0 | D:1      | Reached XP level 1. HP: 16/16 MP: 1/1
   171 | D:1      | Found Faess's Assorted Antiques.
   383 | D:1      | Gained mutation: You have large cloven feet. [demonic
                  | ancestry]
   383 | D:1      | Reached XP level 2. HP: 22/22 MP: 2/2
   973 | D:2      | Gained mutation: You have hoof-like feet. [demonic
                  | ancestry]
   973 | D:2      | Reached XP level 3. HP: 28/28 MP: 3/3
  1088 | D:2      | Noticed Jessica
  1095 | D:2      | Killed Jessica
  1119 | D:2      | Found a runed translucent door.
  1120 | D:2      | Noticed Crazy Yiuf
  1286 | D:2      | Reached XP level 4. HP: 24/35 MP: 4/4
  1685 | D:2      | Killed Crazy Yiuf
  1927 | D:3      | Noticed a kobold brigand
  1934 | D:3      | Killed a kobold brigand
  1935 | D:3      | Reached XP level 5. HP: 42/42 MP: 5/5
  1954 | D:3      | Reached XP level 6. HP: 19/49 MP: 6/6
  1954 | D:3      | You fall into a shaft and drop 2 floors!
  1954 | D:5      | Entered Level 5 of the Dungeon
  2068 | D:5      | Noticed a water moccasin
  2079 | D:4      | Killed a water moccasin
  2089 | D:4      | Reached skill level 5 in Fighting
  2089 | D:4      | Reached skill level 5 in Axes
  2620 | D:3      | Found Uvocw's Armour Emporium.
  2857 | D:4      | Noticed a water moccasin
  2903 | D:4      | Reached skill level 1 in Shields
  2903 | D:4      | Gained mutation: You regenerate a little health from kills.
                  | [demonic ancestry]
  2903 | D:4      | Reached XP level 7. HP: 56/56 MP: 7/7
  3172 | D:4      | Found a runed translucent gate.
  3172 | D:4      | Noticed BigPumpCobain's ghost (novice GrEE)
  3174 | D:4      | Found a runed translucent gate.
  3174 | D:4      | Found a runed translucent gate.
  3259 | D:4      | Found Peffuh's Serpentskin Sales.
  3390 | D:4      | Noticed Ijyb
  3398 | D:4      | Killed Ijyb
  3602 | D:3      | Bought a +2 pair of gloves of strength for 236 gold pieces
  3758 | D:5      | Reached XP level 8. HP: 31/64 MP: 8/8
  4028 | D:5      | Noticed Edmund
  4037 | D:5      | Killed Edmund
  4440 | D:5      | Found a sparkling altar of Nemelex Xobeh.
  4850 | D:6      | Reached XP level 9. HP: 64/72 MP: 9/9
  5646 | D:6      | Reached skill level 5 in Shields
  6085 | D:7      | Found a radiant altar of Vehumet.
  6110 | D:7      | Found an iron altar of Okawaru.
  6121 | D:7      | Found a hide-covered altar of Uskayaw.
  6122 | D:7      | Found a hazy altar of Hepliaklqana.
  6122 | D:7      | Found a basalt altar of Yredelemnul.
  6122 | D:7      | Found a sacrificial altar of Ru.
  6122 | D:7      | Found a shimmering altar of Xom.
  6123 | D:7      | Found a burning altar of Makhleb.
  6124 | D:7      | Found an ancient bone altar of Kikubaaqudgha.
  6125 | D:7      | Found a blossoming altar of Fedhas.
  6126 | D:7      | Found a broken altar of Ashenzari.
  6128 | D:7      | Found a snail-covered altar of Cheibriados.
  6158 | D:7      | Found Wuxehe's Antique Weapon Shop.
  6184 | D:7      | Found a staircase to the Ecumenical Temple.
  6451 | D:8      | Noticed a two-headed ogre
  6462 | D:8      | Killed a two-headed ogre
  6731 | D:8      | Found a staircase to the Lair.
  6943 | D:8      | Noticed a two-headed ogre
  6953 | D:8      | Killed a two-headed ogre
  6954 | D:8      | Gained mutation: You regenerate health from kills. [demonic
                  | ancestry]
  6954 | D:8      | Reached XP level 10. HP: 10/83 MP: 10/10
  7360 | D:8      | Identified the ring of Uskayaw's Pride {AC+4 Int+5}
  8536 | D:9      | Reached skill level 10 in Fighting
  8603 | D:9      | Noticed a red ugly thing
  8614 | D:9      | Killed a red ugly thing
  8764 | D:9      | Found a staircase to the Orcish Mines.
  9019 | D:10     | Entered Level 10 of the Dungeon
  9137 | D:10     | Gained mutation: You regenerate magic rapidly. [demonic
                  | ancestry]
  9137 | D:10     | Reached XP level 11. HP: 78/92 MP: 11/11
  9309 | Temple   | Entered the Ecumenical Temple
  9315 | Temple   | Became a worshipper of Qazlal Stormbringer
  9475 | D:10     | Reached skill level 1 in Invocations
  9598 | D:10     | Noticed Nergalle
  9609 | D:10     | Killed Nergalle
  9610 | D:10     | Reached skill level 10 in Axes
 10108 | D:11     | Noticed Snorg
 10112 | D:11     | HP: 3/92 [Snorg (5)]
 10113 | D:11     | Demolished by Snorg

Illustrated notes

Levels and vault maps discovered:
D:1:      lemuel_arrival_behind_the_door_small, layout_basic, serial_shops,
          nicolae_shop_rolling_square
D:2:      layout_basic, uniq_jessica, uniq_crazy_yiuf_cottage
D:3:      cheibrodos_thug_alley, layout_loops_ring, serial_shops, shop,
          minivault_19, minmay_increasing_density
D:4:      layout_cave_pools, ebering_ghost_rock_garden, guppyfry_shop_venom,
          uniq_ijyb
D:5:      layout_rooms, marbit_many_paths, nemelex_spade_bored_becter,
          nicolae_tso_swordbearing_angel, portal_sewer_entry_a,
          minmay_checkerbox, uniq_edmund
D:6:      layout_layer_cave, serial_rivers, chequers_serial_rivers_room_b,
          chequers_serial_rivers_marsh, chequers_serial_rivers_micro_c,
          chequers_serial_rivers_small_b, minmay_bent
D:7:      layout_rooms, minitemple, minmay_temple_entry_poolview, serial_shops,
          shop
D:8:      layout_basic, grunt_lair_entry_orc_guard_hut, minivault_10,
          kennysheep_generic_room_5
D:9:      layout_basic, hiddenorc1_lemuel
D:10:     layout_roguey, chequers_hall_statues_wall_a, uniq_nergalle
D:11:     layout_gridville, gauntlet_entry_generic, uniq_snorg, uniq_erica
Temple:   hellmonk_temple_two_chambers

Skill      XL: |  1  2  3  4  5  6  7  8  9 10 11 |
---------------+----------------------------------+-----
Throwing       | 2 |  2.0
Axes           | 3 4 5 6 7 8 9 10 | 10.0
Dodging        | 3 |  3.0
Fighting       | 3 4 5 6 7 9 10 | 10.8
Shields        | 1 2 4 6 8 |  8.5
Invocations    | 3 |  3.2

Action                     |  1- 3 |  4- 6 |  7- 9 | 10-12 || total
---------------------------+-------+-------+-------+-------++-------
  Melee: War axe           |    76 |    94 |   267 |   283 ||   720
         Kick              |    14 |    27 |    82 |    80 ||   203
         Punch             |       |     1 |     3 |       ||     4
         Flail             |       |       |    10 |       ||    10
  Throw: Throwing net      |       |     2 |     2 |     1 ||     5
  Evoke: Wand              |       |       |     4 |     1 ||     5
    Use: Potion            |       |       |       |     3 ||     3
         Scroll            |       |       |       |     3 ||     3
   Stab: Held in net/web   |       |     1 |       |       ||     1
         Paralysed         |       |       |     2 |     5 ||     7
 Armour: Leather armour    |    22 |       |       |       ||    22
         Ring mail         |    34 |    55 |   230 |   224 ||   543
  Dodge: Dodged            |    66 |    62 |   208 |   197 ||   533
  Block: Buckler           |       |       |       |    84 ||    84

Table legend: (Time is in decaauts)
 A = Elapsed time spent in this place.
 B = Non-inter-level travel time spent in this place.
 C = Inter-level travel time spent in this place.
 D = Time resting spent in this place.
 E = Time spent auto-exploring this place.
 F = Levels seen in this place.
 G = Mean time per level.
                   A        B        C        D        E       F      G
               +--------+--------+--------+--------+--------+-----+--------+
         Total |  10259 |   9602 |    657 |   1969 |   5816 |  12 |  854.9 |
       Dungeon |  10246 |   9595 |    651 |   1969 |   5816 |  11 |  931.5 |
        Temple |     12 |      6 |      6 |      0 |      0 |   1 |   12.0 |
               +--------+--------+--------+--------+--------+-----+--------+

Top non-repeatable levels by time:
     D:8: 1769 daAuts
     D:6: 1403 daAuts
     D:2: 1106 daAuts
     D:3: 969 daAuts
     D:5: 933 daAuts
     D:9: 910 daAuts
     D:4: 901 daAuts
    D:10: 808 daAuts
     D:7: 677 daAuts
     D:1: 653 daAuts
    D:11: 114 daAuts
  Temple: 12 daAuts
